 Dungeon Sprint DCSS version 0.20.1-1-g8b1a95d (webtiles) character file.

1216 torrenera the Grappler (level 8, -1/94 HPs)
             Began as a Troll Berserker on Sept 1, 2017.
             Was a Priest of Trog.
             Slain by a demonic crawler (11 damage)
             ... in the Dungeon (Sprint I: "Red Sonja").
             The game lasted 00:02:28 (305 turns).

torrenera the Grappler (Troll Berserker)             Turns: 305, Time: 00:02:29

Health: -1/94      AC:  8    Str: 28    XL:     8   Next: 22%
Magic:  7/7        EV: 10    Int:  3    God:    Trog [***...]
Gold:   405        SH:  0    Dex:  9    Spells: 7/7 levels left

rFire    . . .     SeeInvis .     - Unarmed
rCold    . . .     Gourm    +   (no shield)
rNeg     + . .     Faith    .   i - +2 robe {rN+}
rPois    .         Spirit   .   (helmet restricted)
rElec    .         Reflect  .   a - +0 cloak
rCorr    .         Harm     .   (gloves unavailable)
MR       .....     NoTele   +   (boots unavailable)
Stlth    +.........             (no amulet)
Regen    0.7/turn               (no ring)
MPRegen  0.1/turn               (no ring)

@: no status effects
A: unfitting armour, claws 3, fast metabolism 3, gourmand, regeneration 1,
shaggy fur 1, tough skin 2
a: Berserk, Trog's Hand, Burn Spellbooks, Renounce Religion


You were in the Dungeon.
You worshipped Trog.
Trog was most pleased with you.
You were very full.

You visited 1 branch You collected 405 gold pieces.

Inventory:

Armour
 a - a +0 cloak (worn)
 i - a +2 robe of positive energy (worn)
Scrolls
 h - a scroll of blinking
Potions
 c - 2 potions of curing
 e - a potion of haste
 f - 2 potions of magic
 g - a potion of berserk rage
Comestibles
 b - 2 bread rations


   Skills:
 + Level 10.3 Fighting
 - Level 2.4 Dodging
 + Level 13.6 Unarmed Combat


You had 7 spell levels left.
You didn't know any spells.

Dungeon Overview and Level Annotations

Branches:
Dungeon (1/1)

Altars:
Cheibriados
Dithmenos
Elyvilon
Fedhas
Gozag
Hepliaklqana
Kikubaaqudgha
Makhleb
Nemelex Xobeh
Okawaru
Qazlal
Ru
Sif Muna
Trog
Uskayaw
Vehumet
Xom
Yredelemnul
Zin
The Shining One
Jiyva
Lugonu

Shops:
D }


Innate Abilities, Weirdness & Mutations

You are too large for most types of armour.
You have claws for hands.
Your metabolism is lightning-fast.
You like to eat raw meat.
Your natural rate of healing is unusually fast.
You are covered in fur. (AC +1)
You have very tough skin. (AC +2)


Message History

The demonic crawler closely misses you. The demonic crawler hits you!
* * * LOW HITPOINT WARNING * * *
The demonic crawler hits you.
* * * LOW HITPOINT WARNING * * *
The demonic crawler closely misses you. The demonic crawler barely misses you.
The demonic crawler hits you.
* * * LOW HITPOINT WARNING * * *
There is an open door here.
Okay, then.
Okay, then.
You mangle the demonic crawler!!
The demonic crawler is heavily wounded.
The demonic crawler hits you.
* * * LOW HITPOINT WARNING * * *
The demonic crawler hits you but does no damage.
The demonic crawler barely misses you.
You barely miss the demonic crawler.
The demonic crawler is heavily wounded.
The demonic crawler barely misses you. x2; The demonic crawler hits you!
You die...

##########################
#<.#..').#s[s..#__#..')..#
#..').#..@ss#..'..'..#)..#
#..#####'#####'#__####...'
#..####..#...#.#### #####
#..#__####..##.#
#..#_____##'#..+
#⌠⌠#_.∩...'..._#
####_..__##_.#+#
#_____###+# #######


You could see 4 demonic crawlers.

Vanquished Creatures
  2 kobold demonologists (D)
  A slime creature (D)
  Sigmund (D)
  A yak (D)
  A floating eye (D)
  An ogre (D)
  A jelly (D)
  Ijyb (D)
9 creatures vanquished.

Notes
Turn   | Place    | Note
-------+----------+-------------------------------------------
     0 | D        | torrenera the Troll Berserker began the quest for the Orb.
     0 | D        | Reached XP level 1. HP: 22/22 MP: 0/0
     1 | D        | Noticed Ijyb
     5 | D        | Killed Ijyb
     5 | D        | Reached skill level 4 in Unarmed Combat
     5 | D        | Reached XP level 2. HP: 29/32 MP: 1/1
     8 | D        | Noticed an ogre
    12 | D        | Killed an ogre
    12 | D        | Reached skill level 5 in Fighting
    12 | D        | Reached skill level 7 in Unarmed Combat
    12 | D        | Reached XP level 3. HP: 19/44 MP: 2/2
    12 | D        | Reached XP level 4. HP: 22/52 MP: 3/3
    74 | D        | Noticed Sigmund
    82 | D        | Killed Sigmund
    82 | D        | Reached ** piety under Trog
    82 | D        | Reached skill level 9 in Unarmed Combat
    82 | D        | Reached XP level 5. HP: 63/63 MP: 4/4
    82 | D        | Reached XP level 6. HP: 72/72 MP: 5/5
   133 | D        | Found a deep blue altar of Sif Muna.
   135 | D        | Found a radiant altar of Vehumet.
   140 | D        | Reached skill level 10 in Unarmed Combat
   158 | D        | Found Goutoad's Gadget Emporium.
   158 | D        | Found an ancient bone altar of Kikubaaqudgha.
   158 | D        | Found a hazy altar of Hepliaklqana.
   158 | D        | Found a stormy altar of Qazlal.
   158 | D        | Found a hide-covered altar of Uskayaw.
   158 | D        | Found a blossoming altar of Fedhas.
   158 | D        | Found a bloodstained altar of Trog.
   158 | D        | Found an iron altar of Okawaru.
   158 | D        | Found a basalt altar of Yredelemnul.
   158 | D        | Found a glowing golden altar of the Shining One.
   158 | D        | Found a snail-covered altar of Cheibriados.
   158 | D        | Found a sacrificial altar of Ru.
   158 | D        | Found a glowing silver altar of Zin.
   158 | D        | Found a shadowy altar of Dithmenos.
   158 | D        | Found a white marble altar of Elyvilon.
   158 | D        | Noticed a yak
   159 | D        | Found an opulent altar of Gozag.
   167 | D        | Killed a yak
   167 | D        | Reached skill level 11 in Unarmed Combat
   168 | D        | Found a sparkling altar of Nemelex Xobeh.
   237 | D        | Found a burning altar of Makhleb.
   237 | D        | Found a viscous altar of Jiyva.
   237 | D        | Found a shimmering altar of Xom.
   237 | D        | Found a corrupted altar of Lugonu.
   237 | D        | Noticed a slime creature
   240 | D        | Killed a slime creature
   240 | D        | Reached *** piety under Trog
   240 | D        | Reached XP level 7. HP: 80/83 MP: 6/6
   255 | D        | Noticed a kobold demonologist
   256 | D        | Noticed a kobold demonologist
   259 | D        | Paralysed by a floating eye for 3 turns
   263 | D        | Killed a kobold demonologist
   263 | D        | Reached skill level 12 in Unarmed Combat
   265 | D        | Paralysed by a floating eye for 3 turns
   269 | D        | Killed a kobold demonologist
   269 | D        | Reached **** piety under Trog
   269 | D        | Reached skill level 10 in Fighting
   269 | D        | Reached skill level 13 in Unarmed Combat
   269 | D        | Reached XP level 8. HP: 84/93 MP: 7/7
   283 | D        | Noticed a demonic crawler
   283 | D        | Noticed a demonic crawler
   283 | D        | Noticed a demonic crawler
   283 | D        | Noticed a demonic crawler
   298 | D        | HP: 2/94 [demonic crawler (9)]
   305 | D        | Slain by a demonic crawler

Skill      XL: |  1  2  3  4  5  6  7 |
---------------+----------------------+-----
Fighting       | 4 5 7 9 10 | 10.3
Unarmed Combat | 4 7 9 11 13 | 13.6
Dodging        | |  2.4

Action                   |  1- 3 |  4- 6 |  7- 9 || total
-------------------------+-------+-------+-------++-------
Melee: Unarmed           |     6 |    19 |    10 ||    35
       Punch             |       |     1 |     1 ||     2
Invok: Berserk           |       |     1 |       ||     1
       Brothers in Arms  |       |       |     1 ||     1
  Use: Potion            |       |       |     1 ||     1
  Eat: Chunk             |       |     8 |     1 ||     9
Armor: Robe              |       |       |    18 ||    18
Dodge: Dodged            |       |     5 |    17 ||    22
